 Dungeon Crawl Stone Soup version 0.23.2-33-g5129a83184 (webtiles) character file.

Game seed: 2317232954708876630

676 FishyPogo the Covert (level 7, 0/55 HPs)
             Began as a Vampire Assassin on Aug 5, 2019.
             Was a Follower of Dithmenos.
             Slain by a sky beast (3 damage)
             ... on level 5 of the Dungeon.
             The game lasted 00:44:54 (6266 turns).

FishyPogo the Covert (Vampire Assassin)             Turns: 6266, Time: 00:44:54

Health: 0/55       AC:  4    Str:  7 (10) XL:     7   Next: 33%
Magic:  7/7        EV: 13    Int: 11 (13) God:    Dithmenos [*.....]
Gold:   290        SH:  0    Dex: 16 (18) Spells: 6/6 levels left

rFire    . . .     SeeInvis +   a - +2 dagger
rCold    + . .     Gourm    .   (no shield)
rNeg     + + +     Faith    .   l - +0 leather armour
rPois    +         Spirit   .   (no helmet)
rElec    .         Reflect  .   d - +0 cloak
rCorr    .         Harm     .   (no gloves)
MR       .....                  (no boots)
Stlth    ++++++....             (no amulet)
HPRegen  0.09/turn              c - ring of positive energy
MPRegen  0.10/turn              u - ring of positive energy

@: regenerating slowly, wreathed by umbra
A: fangs 3, see invisible, unbreathing
a: Bat Form, Renounce Religion


You were on level 5 of the Dungeon.
You worshipped Dithmenos.
Dithmenos was aware of your devotion.
You were very thirsty.

You visited 1 branch of the dungeon, and saw 5 of its levels.

You collected 290 gold pieces.

Inventory:

Hand Weapons
 a - a +2 dagger (weapon)
 b - a +0 blowgun
 n - a +2 whip of freezing
Missiles
 e - 6 poisoned needles
 f - 2 curare-tipped needles
 r - 47 stones (quivered)
Armour
 d - a +0 cloak (worn)
 l - a +0 leather armour (worn)
Jewellery
 c - a ring of positive energy (left hand)
 u - a ring of positive energy (right hand)
Wands
 q - a wand of acid (7)
Scrolls
 h - a scroll of fog {unknown}
 k - 2 scrolls of remove curse
 o - a scroll of noise {unknown}
 t - a scroll of fear {unknown}
 y - a scroll of magic mapping {unknown}
Potions
 g - 9 potions of blood
 i - a potion of degeneration
 j - 2 potions of curing
 m - a potion of haste {unknown}
 p - a potion of cancellation {unknown}
 s - a potion of heal wounds
 v - a potion of lignification


   Skills:
 * Level 4.3 Fighting
 + Level 4.2 Short Blades
 - Level 2.0 Throwing
 + Level 3.4 Dodging
 * Level 9.2 Stealth


You had 6 spell levels left.
You didn't know any spells.
Your spell library was empty.

Dungeon Overview and Level Annotations

Branches:
Dungeon (5/15)
 Temple: D:4-7

Altars:
Dithmenos
Fedhas
Nemelex Xobeh

Annotations:
D:2 Sigmund


Innate Abilities, Weirdness & Mutations

You heal slowly.
You have razor-sharp teeth.
You have supernaturally acute eyesight. (SInv)
You can survive without breathing.


Message History

You hit the sky beast.
The sky beast is almost dead.
You hit the sky beast.
The sky beast is almost dead.
The sky beast hits you.
* * * LOW HITPOINT WARNING * * *
The sky beast shocks you.
* * * LOW HITPOINT WARNING * * *
You hit the sky beast but do no damage. Your bite misses the sky beast.
The sky beast is almost dead.
The sky beast hits you.
* * * LOW HITPOINT WARNING * * *
The sky beast shocks you.
* * * LOW HITPOINT WARNING * * *
It was a potion of degeneration.
There was something very wrong with that liquid.
You feel weakened.
You feel dopey.
You feel clumsy.
The sky beast flickers out of sight for a moment.
The sky beast hits you.
You die...

# .# ########
..#..
#......###(..S..
#.....(.<(.# ..
#..@.(.##.##
...#####.Y†......#
........(..†..####
....###.>.....#
...Y.((...(...#
...#>.>...(...##
...(....(......#
..##...######..#
................#


You could see a sky beast (invisible).

Vanquished Creatures
  A sky beast (D:5)
  2 ogres (D:4)
  3 orc priests (D:3)
  A centaur skeleton (D:4)
  5 worker ants
  7 adders
  2 oozes
  2 dart slugs
  4 leopard geckos
  9 orcs
  3 giant cockroaches
  7 goblins
  10 hobgoblins
  11 jackals
  2 quokkas
  9 bats
  6 frilled lizards
  8 kobolds
  8 rats
100 creatures vanquished.

Vanquished Creatures (others)
  A kobold (D:3)
1 creature vanquished.

Grand Total: 101 creatures vanquished

Notes
Turn   | Place    | Note
-------+----------+-------------------------------------------
     0 | D:1      | FishyPogo the Vampire Assassin began the quest for the Orb.
     0 | D:1      | Reached XP level 1. HP: 16/16 MP: 1/1
   134 | D:1      | Reached skill level 6 in Stealth
   248 | D:1      | Reached XP level 2. HP: 22/22 MP: 2/2
   915 | D:2      | Reached XP level 3. HP: 27/27 MP: 3/3
   955 | D:2      | Found a blossoming altar of Fedhas.
  1023 | D:2      | Noticed Sigmund
  1460 | D:2      | Found a shadowy altar of Dithmenos.
  1500 | D:2      | Reached XP level 4. HP: 22/34 MP: 4/4
  1591 | D:2      | Became a worshipper of Dithmenos the Shadowed
  3161 | D:3      | Reached skill level 7 in Stealth
  3299 | D:3      | Reached XP level 5. HP: 33/40 MP: 5/5
  3721 | D:3      | Paralysed by an orc priest for 2 turns
  3725 | D:3      | HP: 2/40 [orc priest/+0 hand axe (7)]
  3755 | D:3      | Paralysed by an orc priest for 5 turns
  3770 | D:3      | Paralysed by an orc priest for 5 turns
  3779 | D:3      | HP: 1/41 [orc priest/+0 hand axe (4)]
  4731 | D:4      | Reached skill level 8 in Stealth
  4731 | D:4      | Reached XP level 6. HP: 33/47 MP: 6/6
  5382 | D:4      | Reached * piety under Dithmenos
  5502 | D:4      | Reached XP level 7. HP: 14/54 MP: 5/7
  5528 | D:4      | Found a sparkling altar of Nemelex Xobeh.
  5754 | D:5      | Entered Level 5 of the Dungeon
  6085 | D:4      | Reached skill level 9 in Stealth
  6266 | D:5      | Slain by a sky beast

Skill      XL: |  1  2  3  4  5  6  7 |
---------------+----------------------+-----
Stealth        | 6 7 8 9 |  9.2
Throwing       | 2 |  2.0
Fighting       | 2 3 4 |  4.3
Short Blades   | 3 4 |  4.2
Dodging        | 2 3 |  3.4

Action                   |  1- 3 |  4- 6 |  7- 9 || total
-------------------------+-------+-------+-------++-------
Melee: Dagger            |    69 |   210 |    72 ||   351
       Bite              |     8 |    22 |     3 ||    33
 Fire: Blowgun           |    25 |    47 |     3 ||    75
Throw: Stone             |       |     8 |    18 ||    26
 Abil: Bat Form          |     3 |     9 |     1 ||    13
       End Transformatio |     3 |     8 |     2 ||    13
  Use: Potion            |     1 |    11 |     1 ||    13
       Scroll            |       |     5 |       ||     5
 Stab: Sleeping          |    16 |    10 |       ||    26
       Distracted        |       |     1 |       ||     1
  Eat: Corpse            |       |     5 |       ||     5
Armor: Robe              |     1 |       |       ||     1
       Leather armour    |    12 |    45 |    12 ||    69
Dodge: Dodged            |    37 |   121 |    43 ||   201
